Map: Kairos Junction LE

Players

Reynor

  • Race: Zerg Zerg
  • League: Master
  • Spawn Location: 5:00

Namshar - Winner!

  • Race: Zerg Zerg
  • League: Grandmaster
  • Spawn Location: 11:00

Event: 2019 WCS Winter Europe

VOD

Have the link to the VOD?

Description

Time

  • Played on: Feb. 14, 2019, 11:10 a.m.
  • Length: 8:27

All games in this series

Show
View Real Time Build Order
Export as new Build Order

Reynor Zerg 

Build Orders: Hatch First 

Get SALT Encoding   

  12  0:00  Drone  
  13  0:12  Overlord  
  13  0:16  Drone  
  14  0:30  Drone x2  
  16  0:48  Hatchery  
  15  0:51  Drone  
  15  0:55  Drone  
  17  1:09  Spawning Pool  
  16  1:11  Drone  
  16  1:15  Drone  
  16  1:17  Extractor  
  17  1:21  Drone  
  18  1:38  Drone  
  19  1:42  Overlord  
  19  1:57  Zergling x2  
  19  1:58  Queen  
  19  2:00  Zergling x2  
  24  2:01  Queen, Zergling x2  
  26  2:10  Drone  
  26  2:11  Drone  
  28  2:16  Metabolic Boost  
  28  2:21  Drone  
  28  2:22  Drone  
  30  2:33  Drone x2  
  32  2:44  Overlord  
  32  2:46  Drone  
  32  2:58  Zergling x2  
  32  2:59  Zergling x2  
  34  3:08  Drone x6  
  34  3:10  Hatchery, Zergling x2  
  40  3:13  Zergling x2  
  40  3:18  Overlord  
  40  3:19  Drone  
  41  3:28  Drone  
  41  3:30  Drone  
  43  3:36  Evolution Chamber  
  43  3:39  Drone x2  
  44  3:43  Roach Warren, Drone x3  
  44  3:44  Drone  
  47  3:49  Overlord  
  47  3:53  Drone x2  
  49  3:57  Extractor, Zergling x2  
  49  3:58  Extractor  
  48  4:03  Overlord  
  48  4:22  Roach  
  48  4:23  Roach  
  48  4:24  Roach x4  
  60  4:26  Roach  
  60  4:28  Drone x2  
  64  4:32  Roach  
  64  4:33  Queen  
  64  4:34  Drone x2  
  70  4:43  Overlord  
  70  4:44  Roach x2  
  74  4:49  Overlord  
  74  4:54  Zerg Missile Weapons Level 1  
  74  5:00  Overlord  
  74  5:01  Overlord  
  74  5:03  Drone x4  
  74  5:04  Roach  
  74  5:06  Lair  
  79  5:08  Roach  
  79  5:13  Roach  
  82  5:16  Roach x2  
  82  5:18  Drone x2  
  82  5:21  Roach  
  90  5:28  Overlord  
  90  5:29  Roach x2  
  94  5:38  Drone  
  94  5:39  Drone x2  
  96  5:48  Roach x2  
  100  5:50  Roach x6  
  100  5:53  Extractor  
  108  5:58  Overlord  
  108  6:02  Overlord x2  
  108  6:03  Glial Reconstitution  
  108  6:07  Extractor  
  107  6:12  Overlord  
  107  6:19  Drone x5  
  107  6:22  Roach x4  
  107  6:25  Roach x3  
  126  6:26  Overlord  
  126  6:30  Roach  
  128  6:36  Roach x2  
  128  6:38  Roach  
  134  6:42  Overlord  
  134  6:43  Roach x2  
  138  6:51  Roach  
  138  6:52  Roach x2  
  144  6:54  Roach  
  144  6:55  Overlord  
  150  7:01  Roach x4  
  150  7:04  Overlord  
  150  7:05  Overlord  
  154  7:13  Overlord  
  154  7:22  Overlord  
  154  7:23  Roach x6  
  154  7:24  Roach x2  
  170  7:31  Roach x2  
  170  7:32  Roach x2  
  170  7:35  Roach x2  
  168  7:38  Roach  
  168  7:40  Roach x2  
  168  7:43  Roach  
  142  7:45  Drone  
  142  7:49  Drone x4  
  141  7:55  Roach x3  
  147  7:59  Roach x2  
  147  8:03  Roach  
Show
View Real Time Build Order
Export as new Build Order

Namshar Zerg - Winner!

Build Orders: Hatch First 

Get SALT Encoding   

  12  0:00  Drone  
  13  0:12  Overlord  
  13  0:17  Drone  
  14  0:30  Drone x2  
  16  0:47  Hatchery  
  15  0:50  Drone  
  15  0:55  Drone  
  17  1:08  Spawning Pool  
  16  1:11  Extractor  
  16  1:13  Drone  
  16  1:16  Drone  
  17  1:20  Drone  
  18  1:28  Drone  
  19  1:38  Drone  
  20  1:48  Overlord  
  20  1:54  Queen  
  20  1:59  Queen  
  20  2:00  Zergling x2, Drone  
  26  2:10  Drone  
  26  2:11  Drone  
  28  2:21  Drone  
  28  2:22  Drone  
  30  2:32  Lair  
  30  2:34  Overlord  
  30  2:35  Drone  
  34  2:44  Drone x2  
  34  2:54  Drone x2  
  36  2:58  Evolution Chamber  
  36  3:04  Roach Warren  
  32  3:06  Drone  
  32  3:07  Drone x6  
  32  3:12  Drone  
  40  3:19  Drone  
  41  3:21  Extractor  
  41  3:24  Zerg Missile Weapons Level 1  
  41  3:25  Drone  
  41  3:29  Evolution Chamber  
  40  3:34  Overlord  
  40  3:40  Extractor  
  39  3:42  Evolution Chamber  
  39  3:43  Drone x3  
  39  3:45  Drone x3  
  39  3:47  Glial Reconstitution  
  44  3:49  Overlord  
  44  3:58  Roach x2  
  49  4:03  Overlord  
  49  4:04  Roach  
  51  4:12  Overlord  
  51  4:15  Roach x4  
  59  4:25  Overlord  
  59  4:28  Roach x2  
  59  4:30  Hatchery  
  62  4:34  Drone  
  63  4:40  Overlord  
  63  4:43  Roach x2  
  67  4:48  Roach x4  
  75  4:55  Overlord  
  75  4:59  Queen  
  75  5:02  Overlord  
  75  5:03  Drone  
  75  5:04  Drone x2  
  80  5:14  Drone  
  80  5:15  Drone  
  80  5:16  Zerg Ground Armor Level 1  
  80  5:19  Zerg Missile Weapons Level 2  
  82  5:24  Overlord  
  82  5:27  Drone x4  
  86  5:33  Drone  
  86  5:34  Extractor  
  86  5:44  Drone  
  86  5:45  Drone x4  
  91  5:55  Overlord  
  93  5:59  Overseer  
  93  6:00  Overseer, Drone  
  93  6:01  Overlord x2  
  93  6:02  Drone  
  93  6:03  Drone  
  96  6:06  Roach  
  96  6:08  Ravager x3  
  96  6:09  Ravager, Overlord  
  100  6:13  Roach x3  
  106  6:19  Drone  
  106  6:20  Extractor, Drone  
  106  6:21  Extractor  
  106  6:24  Roach x3  
  112  6:29  Roach  
  112  6:30  Roach x2  
  118  6:36  Overlord  
  118  6:38  Roach x4  
  126  6:42  Overlord  
  126  6:49  Roach x5  
  126  6:52  Overlord x2  
  136  7:04  Roach x3  
  136  7:05  Roach x4  
  136  7:07  Overlord  
  150  7:12  Roach  
  150  7:15  Ravager x2  
  154  7:16  Roach  
  154  7:19  Roach  
  158  7:24  Roach x5  
  158  7:26  Ravager  
  169  7:36  Roach  
  173  7:37  Roach x5  
  173  7:39  Roach  
  173  7:41  Roach  
  159  7:46  Roach  
  161  7:52  Ravager  
  161  7:55  Drone  
  161  7:56  Drone x7  
  170  8:00  Overlord  
Tags
 
Add a new tag
Caveats
  • Supply blocks, unpowered buildings, or Contaminate may cause inaccurate times.
  • Supply counts are checked every 10 seconds.